 BcadrenCrawl: Boulder Brew version 0.06-688-g08e91b2d95 (webtiles) character file.

Game seed: 6582997971199796545

554 Leeroy the Merged (level 7, -2/89 HPs) Cyan Draconian Priest. Began on Jan 31, 2023. Was a Priest of Bahamut & Tiamat. Slain by a worm (10 damage) ... on level 2 of the Dungeon. The game lasted 00:07:05 (2252 turns).

Leeroy the Merged (Cyan Draconian Priest)           Turns: 2252, Time: 00:07:06

Health: -2/89      AC:  8    Str: 12    XL:     7 ^: 634
Magic:  12/12      EV: 12    Int: 10    God:    Bahamut & Tiamat [3* [94]]
Gold:   142        SH:  0    Dex: 22    Spells: 6/6 levels left

rFire    . . .     Slash    +     - Unarmed
rCold    . . .     Pierce   x     - Unarmed
rNeg     . . .     Bludgeon .   (armour unavailable)
rCorr    . . .     Vision   .   (helmet restricted)
rPois    .         Gourm    .   (no cloak)
rElec    .         Faith    .   b - +0 pair of gloves
MR       .....     Spirit   .   (no boots)
HPRegen  0.39/turn Reflect  .   (no amulet)
MPRegen  0.22/turn Harm     .   g - ring of dexterity
Stlth    ++........             (no ring)

@: no status effects
A: deformed body 2, cold-blooded, translocations enhancer 1, rCloud, rAir,
draconic flesh, AC +7
a: Breathe Blast of Wind, Adaptive Breath, Renounce Religion


You were on level 2 of the Dungeon.
You worshipped Bahamut & Tiamat.
Bahamut & Tiamat was most pleased with you.
You were hungry.

You visited 1 branch of the dungeon, and saw 2 of its levels.
You also visited: Temple.

You collected 142 gold pieces.

Inventory:

Weapons
 d - a +0 dagger
 e - a +0 short sword
 n - a cursed +2 dagger of protection {(Curse: *Slow)}
Armour
 b - a +0 pair of gloves (worn)
Jewellery
 g - a ring of dexterity (left hand)
 j - an uncursed amulet of harm
 k - a cursed amulet of the gourmand {(Curse: rC-)}
 l - an uncursed ring of magical power
Scrolls
 h - 2 scrolls of teleportation
Potions
 f - a potion of curing
Miscellaneous
 m - a fan of gales
Comestibles
 a - 5 rations


   Skills:
 + Level 5.8 Fighting
 - Level 1.5 Dodging
 - Level 1.4 Stealth
 - Level 2.6 Unarmed Combat
 - Level 7.3 Invocations


You had 6 spell levels left.
You didn't know any spells.
Your spell library was empty.

Dungeon Overview and Level Annotations

Branches:
Dungeon (2/8)

Altars:


Innate Abilities, Weirdness & Mutations

Your empereal azure scales are resilient. (AC +7)
You can breathe strong gales of wind.
You cannot wear any armour on your peculiar form.
You are cold-blooded and are slowed more easily by cold attacks.
You are in touch with the powers of translocation.
Your empereal azure scales grant you immunity to the effects of clouds and air. (rCloud, rAir)
Your scales resist being cut, but it's oddly easy to stick a small blade between them. (rSlashing+, rPiercing-)


Message History

Your scales start taking on an empereal azure colour.
You learn Translocations much more quickly.
Your empereal azure scales grant you immunity to the effects of clouds and air. (rCloud, rAir)
You become more in touch with the powers of translocation.
The worm bites you (11)!
You are perforated ruthlessly!
* * * LOW HITPOINT WARNING * * *
The worm bites you but does no damage.
You hit the worm (2).
It is struck brutally!
You barely miss the worm.
The worm is lightly wounded. (16/18) HP You hit the worm (2).
It is struck brutally!
You hit the worm (6).
It is struck brutally!
The worm is heavily wounded. (8/18) HP The worm bites you (11)!
You are perforated ruthlessly!
* * * LOW HITPOINT WARNING * * *
You hit the worm (2).
It is struck brutally! x2
You tail-slap the worm, but do no damage.
The worm is severely wounded. (5/18) HP The worm bites you (10)!
You are perforated ruthlessly!
You die...

##.≈≈≈≈≈≈.. #
#######††≈≈≈≈≈≈.###########
≈≈≈≈≈≈..≈≈≈≈≈≈≈.≈≈≈≈≈.≈≈≈≈.
≈≈≈≈≈≈≈.)≈≈≈≈b≈.≈≈≈≈PPP≈≈≈.
≈≈≈≈≈≈≈≈.≈≈≈≈≈..≈≈≈≈≈P>PPP.
≈≈≈≈≈≈≈≈)≈≈≈PPP≈≈≈≈≈≈PP≈P..
≈≈≈≈≈≈≈≈).b≈P≈≈≈≈≈≈≈≈PPP..≈
≈≈≈≈≈≈≈≈≈wP≈P≈≈≈≈≈≈≈≈≈P..≈≈
≈≈≈≈≈≈≈...@.≈≈≈≈≈≈≈≈≈P≈.≈l≈
≈≈≈≈≈≈..≈≈≈..≈≈≈≈≈÷≈P≈.≈..÷
#######..≈≈≈..≈≈##}########
##.≈≈≈≈.≈≈#÷÷#### #b
#.≈≈≈≈≈..##....#####
#.≈≈≈P≈≈≈..÷≈≈.≈#≈.r
#P≈≈≈≈≈≈.#.##≈.##...
#######PP≈≈≈≈≈≈...#.##.r≈#
##≈..≈##≈≈≈≈≈≈≈.#..≈≈#.r.#.


You could see a worm.

Vanquished Creatures
  A water moccasin (D:2)
  2 big kobolds (D:2)
  3 jellies (D:2)
  3 giant cockroaches
  An adder (D:2)
  10 sewer rats (D:2)
  A worm (D:2)
  2 cinder newts (D:2)
  An ooze (D:2)
  2 dart slugs (D:1)
  2 leopard geckos
  A ball python (D:1)
  11 bats
  A cinder newt skeleton (D:2)
  8 goblins (D:1)
  4 hobgoblins (D:1)
  10 kobolds
  3 rats (D:1)
66 creatures vanquished.

Vanquished Creatures (others)
  2 slimeheads (D:2)
  74 withered plants (D:2)
76 creatures vanquished.

Grand Total: 142 creatures vanquished

Notes
Turn   | Place    | Note
-------+----------+-------------------------------------------
     0 | Start Te | Leeroy the Immature Draconian Priest began the quest for
                  | the Orb.
     0 | Start Te | Reached XP level 1. HP: 29/29 MP: 3/3
     0 | Start Te | Found a sparkling altar of Nemelex Xobeh.
     1 | Start Te | Found a basalt altar of Yredelemnul.
     1 | Start Te | Found a white marble altar of Elyvilon.
     2 | Start Te | Found an iron altar of Okawaru.
     3 | Start Te | Found a glowing silver altar of Zin.
     3 | Start Te | Found a blossoming altar of Fedhas.
     4 | Start Te | Found a stormy altar of Qazlal.
     5 | Start Te | Found a glowing golden altar of the Shining One.
     5 | Start Te | Found an opulent altar of Gozag.
     6 | Start Te | Found a sacrificial altar of Ru.
     7 | Start Te | Found an ornate altar of Bahamut and Tiamat.
     7 | Start Te | Found a hazy altar of Hepliaklqana.
    15 | Start Te | Became a worshipper of Bahamut & Tiamat
    15 | Start Te | Reached * piety under Bahamut & Tiamat
    15 | Start Te | Reached ** piety under Bahamut & Tiamat
   199 | D:1      | Reached XP level 2. HP: 39/39 MP: 5/5
   390 | D:1      | Reached skill level 5 in Invocations
   422 | D:1      | Reached XP level 3. HP: 49/49 MP: 7/7
   897 | D:1      | Reached *** piety under Bahamut & Tiamat
  1064 | D:2      | Reached XP level 4. HP: 59/59 MP: 8/8
  1149 | D:2      | Reached skill level 6 in Invocations
  1333 | D:2      | Noticed a big kobold
  1356 | D:2      | Killed a big kobold
  1356 | D:2      | Reached skill level 7 in Invocations
  1356 | D:2      | Reached XP level 5. HP: 30/69 MP: 10/10
  1396 | D:2      | Noticed a water moccasin
  1402 | D:2      | Killed a water moccasin
  1402 | D:2      | Reached XP level 6. HP: 33/79 MP: 6/11
  2187 | D:2      | Reached skill level 5 in Fighting
  2244 | D:2      | Your scales start taking on an empereal azure colour.
  2244 | D:2      | Reached XP level 7. HP: 28/89 MP: 12/12
  2244 | D:2      | Gained mutation: Your empereal azure scales grant you
                  | immunity to the effects of clouds and air. (rCloud, rAir)
                  | [Cyan Draconian growth]
  2244 | D:2      | Gained mutation: You are in touch with the powers of
                  | translocation. [Cyan Draconian growth]
  2252 | D:2      | Slain by a worm

Illustrated notes

Levels and vault maps discovered:
D:1:      scummos_arrival_checkerplants, layout_basic, chequers_mini_garden
D:2:      layout_sewer, first_ration

Skill      XL: |  1  2  3  4  5  6 |
---------------+-------------------+-----
Invocations    | 5 7 |  7.3
Fighting       | 3 5 |  5.8
Dodging        | |  1.5
Stealth        | |  1.4
Unarmed Combat | |  2.6

Action                   |  1- 3 |  4- 6 |  7- 9 || total
-------------------------+-------+-------+-------++-------
Melee: Unarmed           |   118 |   371 |     6 ||   495
       Peck              |    10 |    47 |     1 ||    58
Invok: Choose Bahamut's  |     1 |       |       ||     1
       Choose Tiamat's A |     1 |       |       ||     1
       Adaptive Breath   |       |     2 |       ||     2
 Abil: Breathe Dart      |       |     1 |       ||     1
  Use: Potion            |       |     1 |       ||     1
 Stab: Sleeping          |     6 |       |       ||     6
  Eat: Chunk             |       |     5 |       ||     5
Armor: Skin              |    11 |    70 |     1 ||    82
Dodge: Dodged            |    11 |    39 |       ||    50
